 Dungeon Crawl Stone Soup version 0.31-a0-844-gdc52ec4e09 (webtiles) character file.

Game seed: 5356619930507635486

886 pokeman the Thaumaturge (level 7, -2/40 HPs)
             Began as a Deep Elf Hedge Wizard on Sept 28, 2023.
             Shot with an arrow by a centaur (8 damage)
             ... on level 5 of the Dungeon.
             The game lasted 00:08:58 (5746 turns).

pokeman the Thaumaturge (Deep Elf Hedge Wizard)     Turns: 5746, Time: 00:08:59

Health: -2/40      AC:  5    Str:  7    XL:     7   Next: 76%
Magic:  10/20      EV: 13    Int: 21    God:
Gold:   266        SH:  0    Dex: 14    Spells: 14/22 levels left

rFire   . . .        n - +1 short sword (venom)
rCold   . . .        (no shield)
rNeg    . . .        b - +0 robe
rPois   .            l - +1 helmet "Eheggief" {Fly}
rElec   .            p - +0 cloak
rCorr   .            (no gloves)
SInv    .            (no boots)
Will    .....        j - amulet of regeneration
Stlth   ++           (no ring)
HPRegen 1.06/turn    (no ring)
MPRegen 0.17/turn

%: no passive effects
@: flying
A: no striking features
a: no special abilities


You were on level 5 of the Dungeon.
You visited 1 branch of the dungeon, and saw 5 of its levels.

You collected 266 gold pieces.

Inventory:

Hand Weapons
 n - a +1 short sword of venom (weapon)
 o - a +2 quarterstaff of chaos
Missiles
 v - 2 throwing nets
Armour
 b - a +0 robe (worn)
 l - the +1 helmet "Eheggief" (worn) {Fly}
   (You found it on level 2 of the Dungeon)

   Fly:       It grants you flight.
 p - a +0 cloak (worn)
Magical Staves
 m - a staff of cold
Jewellery
 j - an amulet of regeneration (around neck)
Wands
 q - a wand of flame (17)
Scrolls
 a - a scroll of enchant armour {unknown}
 c - 2 scrolls of teleportation {unknown}
 f - a scroll of poison {unknown}
 g - a scroll of vulnerability {unknown}
 h - 3 scrolls of identify {unknown}
 k - a scroll of amnesia {unknown}
 t - a scroll of blinking {unknown}
 x - a scroll of noise {unknown}
 y - a scroll of acquirement {unknown}
Potions
 d - a potion of magic
 e - 3 potions of heal wounds {unknown}
 i - 2 potions of might {unknown}
 r - 2 potions of mutation {unknown}
 s - a potion of curing {unknown}
 u - 2 potions of enlightenment {unknown}
 w - a potion of attraction {unknown}


   Skills:
 + Level 2.4 Fighting
 - Level 1.0 Armour
 - Level 3.0 Dodging
 - Level 3.0 Stealth
 * Level 8.4 Spellcasting
 + Level 4.3 Conjurations
 - Level 1.1 Summonings
 - Level 1.1 Translocations
 + Level 2.0 Ice Magic
 - Level 2.1 Air Magic
 - Level 1.0 Poison Magic
 - Level 1.0 Evocations


You had 14 spell levels left.
You knew the following spells:

 Your Spells              Type           Power      Damage    Failure   Level
a - Magic Dart            Conj           100%       1d8       1%          1
b - Mephitic Cloud        Conj/Pois/Air  19%        N/A       9%          3
c - Call Imp              Summ           26%        N/A       8%          2
d - Blink                 Tloc           26%        N/A       8%          2

Your spell library contained the following spells:

 Spells                   Type           Power      Damage    Failure   Level
 Apportation              Tloc           26%        N/A       4%          1
 Summon Small Mammal      Summ           52%        N/A       4%          1
 Necrotise                Necr           32%        1d5       8%          1
 Slow                     Hex            32%        N/A       8%          1
 Cigotuvi's Dreadful Rot  Necr/Pois/Air  26%        N/A       8%          2


Dungeon Overview and Level Annotations

Branches:
Dungeon (5/15)
 Temple: D:4-7

Altars:
Xom

Shops:
D:4 [


Message History

Casting: Magic Dart (safe; 1% risk of failure)
Confirm with . or Enter, or press ? or * to list all spells.
Aiming: Magic Dart (safe; 1% risk of failure)
Press: ? - help, Shift-Dir - straight line, f/p - phantom
Aim: a phantom (severely damaged, 100% to hit)
The magic dart hits the phantom.
The phantom is almost destroyed.
A centaur comes into view.
A sleepcap comes into view.
Casting: Magic Dart (safe; 1% risk of failure)
Confirm with . or Enter, or press ? or * to list all spells.
Aiming: Magic Dart (safe; 1% risk of failure)
Press: ? - help, Shift-Dir - straight line, f/p - phantom
Aim: a phantom (almost destroyed, 100% to hit)
The magic dart hits the phantom but does no damage.
The phantom is almost destroyed.
The centaur shouts!
Casting: Magic Dart (safe; 1% risk of failure)
Confirm with . or Enter, or press ? or * to list all spells.
Aiming: Magic Dart (safe; 1% risk of failure)
Press: ? - help, Shift-Dir - straight line, f/p - phantom
Aim: a phantom (almost destroyed, 100% to hit)
The magic dart hits the phantom.
The phantom is almost destroyed.
The centaur wields a +0 orcbow.
The centaur shoots an arrow.
The arrow misses you. The phantom closely misses you.
Casting: Magic Dart (safe; 1% risk of failure)
Confirm with . or Enter, or press ? or * to list all spells.
Aiming: Magic Dart (safe; 1% risk of failure)
Press: ? - help, Shift-Dir - straight line, f/p - phantom
Aim: a phantom (almost destroyed, 100% to hit)
The magic dart hits the phantom.
You destroy the phantom!
The centaur shoots an arrow.
The arrow barely misses you.
The centaur shoots an arrow.
The arrow hits you!
Your Ice Magic skill increases to level 2!
The centaur shoots an arrow.
The arrow hits you!
The centaur shoots an arrow.
The arrow hits you!
* * * LOW HITPOINT WARNING * * *
The centaur shoots an arrow.
The arrow hits you!
You die...

. ###.##
.....### #
#......
.#.####c#..#
...........#
......†....#
......#.####
. ....f
#@####....
....
#.<.......
##.
######....
#. . #


You could see a centaur.

Vanquished Creatures
  A phantom (D:5)
  A gnoll sergeant (D:4)
  A howler monkey (D:5)
  4 crimson imps (D:4)
  A hound (D:4)
  A jelly (D:4)
  Crazy Yiuf (D:2)
  Jessica (D:2)
  An iguana (D:4)
  3 orc wizards (D:3)
  Terence (D:2)
  Natasha (thrice) (D:2)
  5 adders
  12 gnolls
  A dart slug (D:4)
  5 orcs (D:3)
  9 ball pythons
  13 endoplasms
  6 giant cockroaches
  8 goblins
  8 hobgoblins
  4 jackals (D:3)
  5 quokkas
  7 bats
  2 frilled lizards
  6 kobolds
  9 rats
119 creatures vanquished.

Notes
Turn   | Place    | Note
-------+----------+-------------------------------------------
     0 | D:1      | pokeman the Deep Elf Hedge Wizard began the quest for the
                  | Orb.
     0 | D:1      | Reached XP level 1. HP: 10/10 MP: 7/7
   321 | D:1      | Reached XP level 2. HP: 14/15 MP: 0/9
   962 | D:1      | Reached skill level 5 in Spellcasting
  1279 | D:1      | Reached XP level 3. HP: 20/20 MP: 9/11
  1283 | D:1      | Learned a level 3 spell: Mephitic Cloud
  1286 | D:1      | Learned a level 2 spell: Call Imp
  1289 | D:1      | Learned a level 2 spell: Blink
  1609 | D:2      | Noticed Terence
  1636 | D:2      | Killed Terence
  1637 | D:2      | Reached skill level 1 in Fighting
  1637 | D:2      | Reached skill level 1 in Armour
  1761 | D:2      | Identified the +1 helmet "Eheggief" {Fly}
  1946 | D:2      | Reached XP level 4. HP: 25/25 MP: 11/13
  2463 | D:2      | Found a runed translucent door.
  2464 | D:2      | Noticed Crazy Yiuf
  2532 | D:2      | Found a faded altar of an unknown god.
  2615 | D:2      | Noticed Jessica
  2619 | D:2      | Killed Jessica
  2848 | D:2      | Noticed Natasha
  2873 | D:2      | Killed Natasha
  2874 | D:2      | Reached skill level 6 in Spellcasting
  2874 | D:2      | Reached XP level 5. HP: 29/29 MP: 6/15
  3070 | D:2      | Killed Crazy Yiuf
  3210 | D:2      | Noticed Natasha
  3217 | D:2      | Killed Natasha
  3318 | D:2      | Noticed Natasha
  3329 | D:2      | Killed Natasha
  3406 | D:3      | Reached XP level 6. HP: 29/34 MP: 11/17
  3413 | D:3      | Reached skill level 1 in Ice Magic
  3413 | D:3      | Reached skill level 1 in Poison Magic
  3413 | D:3      | Reached skill level 1 in Evocations
  3755 | D:3      | Reached skill level 1 in Air Magic
  4738 | D:4      | Reached skill level 7 in Spellcasting
  4850 | D:4      | Found Mewon's Antique Armour Shop.
  4965 | D:4      | Reached XP level 7. HP: 39/39 MP: 14/19
  5466 | D:4      | Found a shimmering altar of Xom.
  5488 | D:4      | Reached skill level 8 in Spellcasting
  5719 | D:5      | Entered Level 5 of the Dungeon
  5746 | D:5      | Shot with an arrow by a centaur

Illustrated notes

Levels and vault maps discovered:
D:1:      minmay_arrival_loop, layout_basic
D:2:      layout_basic, hellmonk_ecumenical_altar_pennies_from_heaven,
          uniq_crazy_yiuf_cottage, uniq_natasha, uniq_jessica, uniq_terence
D:3:      layout_loops_corners, minmay_pentomino_pile
D:4:      layout_basic, led_xom_imps, serial_shops,
          nicolae_shop_pleasant_corner_grove, nicolae_grassy_gnolls
D:5:      layout_loops_cross, minmay_temple_entry_antechambers,
          solitary_fountain, saegor_snake_ambush

Skill      XL: |  1  2  3  4  5  6  7 |
---------------+----------------------+-----
Spellcasting   | 5 6 7 8 |  8.4
Fighting       | 1 2 |  2.4
Armour         | 1 |  1.0
Conjurations   | 2 3 4 |  4.3
Dodging        | 3 |  3.0
Stealth        | 3 |  3.0
Ice Magic      | 1 2 |  2.0
Poison Magic   | 1 |  1.0
Evocations     | 1 |  1.0
Air Magic      | 1 2 |  2.1
Summonings     | |  1.1
Translocations | |  1.1

Action                     |  1- 3 |  4- 6 |  7- 9 || total
---------------------------+-------+-------+-------++-------
  Melee: Dagger            |     7 |       |       ||     7
         Short sword       |    15 |    45 |    10 ||    70
         Punch             |     1 |       |       ||     1
   Cast: Magic Dart        |    96 |   139 |    75 ||   310
         Mephitic Cloud    |     1 |     9 |     1 ||    11
         Call Imp          |       |     2 |       ||     2
   Stab: Confused          |     1 |    10 |     2 ||    13
         Sleeping          |       |     1 |       ||     1
 Armour: Robe              |    10 |    29 |    15 ||    54
  Dodge: Dodged            |    15 |    34 |    17 ||    66

Table legend: (Time is in decaauts)
 A = Elapsed time spent in this place.
 B = Non-inter-level travel time spent in this place.
 C = Inter-level travel time spent in this place.
 D = Time resting spent in this place.
 E = Time spent auto-exploring this place.
 F = Levels seen in this place.
 G = Mean time per level.
                   A        B        C        D        E       F      G
               +--------+--------+--------+--------+--------+-----+--------+
         Total |   5738 |   5465 |    273 |      3 |   4783 |   5 | 1147.6 |
       Dungeon |   5738 |   5465 |    273 |      3 |   4783 |   5 | 1147.6 |
               +--------+--------+--------+--------+--------+-----+--------+

Top non-repeatable levels by time:
     D:2: 1762 daAuts
     D:1: 1606 daAuts
     D:3: 1229 daAuts
     D:4: 1113 daAuts
     D:5: 26 daAuts
